 Dungeon Crawl Stone Soup version 0.30-a0-924-g0ad0bf95bc (webtiles) character file.

Game seed: 17693430969622995619

203 BlueFish the Sneak (level 5, 0/35 HPs)
             Began as an Octopode Warper on Mar 22, 2023.
             Slain by a goblin
             ... wielding a +0 dagger
             ... led by Robin
              (3 damage)
             ... on level 4 of the Dungeon.
             The game lasted 00:05:02 (2568 turns).

BlueFish the Sneak (Octopode Warper)                Turns: 2568, Time: 00:05:02

Health: 0/35       AC:  5    Str: 12    XL:     5   Next: 81%
Magic:  6/8        EV: 13    Int: 15    God:
Gold:   152        SH:  0    Dex: 12    Spells: 3/9 levels left

rFire   . . .      SeeInvis .      - Unarmed
rCold   . . .      Faith    .    (no shield)
rNeg    . . .      Spirit   .    (helmet currently unavailable)
rPois   .          Reflect  .    p - amulet of regeneration
rElec   .          Rampage  .    u - +4 ring of protection
rCorr   .                        (no ring)
Will    .....                    (no ring)
Stlth   +++                      (no ring)
HPRegen 1.05/turn                (no ring)
MPRegen 0.11/turn                (no ring)
                                 (no ring)
                                 (no ring)

@: about to teleport, appendages (expiring)
A: tentacle spike 3, almost no armour, amphibious, 8 rings, camouflage 1,
gelatinous body 1, (nimble swimmer 1), tentacles
a: End Transformation


You were on level 4 of the Dungeon.
One of your tentacles had grown a beastly spike.
You visited 1 branch of the dungeon, and saw 4 of its levels.

You collected 152 gold pieces.

Inventory:

Missiles
 b - 7 boomerangs of dispersal
 c - a throwing net
 f - 36 stones
 l - 10 poisoned darts (quivered)
Jewellery
 p - an amulet of regeneration (around mantle)
 u - a +4 ring of protection (left tentacle)
Scrolls
 a - 3 scrolls of blinking
 g - a scroll of teleportation
 n - a scroll of noise {unknown}
 q - a scroll of identify {unknown}
 r - 2 scrolls of fog {unknown}
 s - a scroll of enchant weapon {unknown}
 t - a scroll of amnesia {unknown}
Potions
 d - 3 potions of might {unknown}
 e - 4 potions of flight {unknown}
 h - a potion of haste {unknown}
 i - 2 potions of heal wounds {unknown}
 j - a potion of brilliance {unknown}
 k - 2 potions of attraction {unknown}
 m - 5 potions of curing {unknown}
 o - 2 potions of invisibility {unknown}


   Skills:
 + Level 2.6 Fighting
 + Level 1.9 Throwing
 + Level 3.0 Dodging
 * Level 3.7 Stealth
 + Level 2.5 Unarmed Combat
 + Level 2.5 Spellcasting
 + Level 3.5 Translocations
 + Level 1.2 Transmutations


You had 3 spell levels left.
You knew the following spells:

 Your Spells              Type           Power      Damage    Failure   Level
a - Beastly Appendage     Tmut           10%        N/A       13%         1
b - Blink                 Tloc           24%        N/A       8%          2
c - Teleport Other        Tloc           12%        N/A       16%         3

Your spell library contained the following spells:

 Spells                   Type           Power      Damage    Failure   Level
 Lesser Beckoning         Tloc           24%        N/A       8%          2
 Wereblood                Tmut           5%         N/A       19%         2
 Sandblast                Erth           2%         2d4       22%         1
 Summon Small Mammal      Summ           4%         N/A       22%         1
 Passwall                 Tmut/Erth      2%         N/A       26%         2
 Vhi's Electric Charge    Tloc/Air       14%        N/A       30%         3
 Spider Form              Tmut/Pois      3%         N/A       45%         3
 Call Canine Familiar     Summ           1%         N/A       54%         3
 Hailstorm                Conj/Ice       1%         3d3       54%         3
 Stone Arrow              Conj/Erth      2%         3d7       54%         3
 Summon Guardian Golem    Hex/Summ       1%         N/A       54%         3
 Manifold Assault         Tloc           12%        N/A       45%         4
 Ice Form                 Ice/Tmut       3%         N/A       86%         4
 Simulacrum               Ice/Necr       0%         N/A       100%        6


Dungeon Overview and Level Annotations

Branches:
Dungeon (4/15)
 Temple: D:4-7

Altars:
Ashenzari
Dithmenos
Sif Muna
Uskayaw

Annotations:
D:3 2 runed translucent doors, ytrimaz's ghost, amateur OgBe
D:4 Robin


Innate Abilities, Weirdness & Mutations

One of your tentacles has grown a beastly spike.
You cannot wear most types of armour.
You are amphibious.
You can wear up to eight rings at the same time.
Your skin changes colour to match your surroundings (Stealth+).
Your rubbery body absorbs attacks. (AC +1, EV +1)
((You are camouflaged when in or above water. (Stealth+)))
You have tentacles for arms and can constrict up to eight enemies at once.


Message History

You feel strangely unstable.
The gnoll hits you from afar with a +0 spear.
The gnoll hits you from afar with a +0 spear!
* * * LOW HITPOINT WARNING * * *
Casting: Beastly Appendage (safe; 13% risk of failure)
Confirm with . or Enter, or press ? or * to list all spells.
Okay, then.
Casting: Beastly Appendage (safe; 13% risk of failure)
Confirm with . or Enter, or press ? or * to list all spells.
The spell is quite dangerous to miscast (16% risk of failure)!
Continue anyway?
Okay, then.
Casting: Teleport Other (quite dangerous; 16% risk of failure)
Confirm with . or Enter, or press ? or * to list all spells.
Okay, then.
Casting: Teleport Other (quite dangerous; 16% risk of failure)
Confirm with . or Enter, or press ? or * to list all spells.
You blink.
The gnoll barely misses you.
The gnoll hits you from afar with a +0 spear.
* * * LOW HITPOINT WARNING * * *
The gnoll misses you.
Your surroundings suddenly seem different.
Robin, 12 goblins, 4 gnolls, an iguana and a hound come into view.
A goblin is wielding a +1 dagger of venom.
Found 3 stones.
Found a shimmering blue altar of Sif Muna.
You feel stable enough to blink again.
The goblin shouts!
The iguana hisses angrily.
Robin shouts!
The goblin shouts! x2
The gnoll barely misses you. The goblin hits you with a +0 club.
Robin roars a battlecry!
The goblins go into a battle-frenzy!
The goblin moves out of view.
You hear a shout!
The goblin shouts! x2; The hound barks!
The gnoll shouts! x2
As you read the scroll of teleportation, it crumbles to dust.
You feel strangely unstable.
The gnoll shouts!
An ufetubus comes into view.
The gnoll hits you with a +0 spear!
* * * LOW HITPOINT WARNING * * *
The goblin hits you with a +0 dagger.
You die...

.............
...........
.........
.......
.g..g# hg..#
##.g.# #.@g.#
#.ggg^..._
#.g..#....
#....# ...
..glg# .
..(gg.#
..g...g
+##.g..#5


You could see an iguana, a hound, Robin, 4 gnolls, an ufetubus, 3 hobgoblins and
8 goblins.

Vanquished Creatures
  A scorpion (D:4)
  A gnoll bouda (D:4)
  2 gnolls (D:4)
  4 adders
  2 dart slugs (D:3)
  5 bats
  7 endoplasms
  A giant cockroach (D:3)
  10 goblins
  3 hobgoblins
  4 quokkas
  A ball python (D:3)
  6 frilled lizards
  8 kobolds
  6 rats
61 creatures vanquished.

Notes
Turn   | Place    | Note
-------+----------+-------------------------------------------
     0 | D:1      | BlueFish the Octopode Warper began the quest for the Orb.
     0 | D:1      | Reached XP level 1. HP: 14/14 MP: 3/3
   190 | D:1      | Reached skill level 1 in Stealth
   263 | D:1      | Reached XP level 2. HP: 19/19 MP: 5/5
   461 | D:1      | Found a faded altar of an unknown god.
   472 | D:1      | Learned a level 1 spell: Beastly Appendage
   766 | D:2      | Learned a level 2 spell: Blink
   821 | D:2      | Reached XP level 3. HP: 15/24 MP: 4/6
  1022 | D:2      | Reached XP level 4. HP: 19/29 MP: 5/7
  1097 | D:2      | Learned a level 3 spell: Teleport Other
  2080 | D:3      | Found a large runed translucent door.
  2081 | D:3      | Found a large runed translucent door.
  2099 | D:3      | Noticed ytrimaz's ghost (amateur OgBe)
  2118 | D:3      | Found a hide-covered altar of Uskayaw.
  2231 | D:3      | Found a broken altar of Ashenzari.
  2239 | D:3      | Found a shadowy altar of Dithmenos.
  2413 | D:4      | Noticed a scorpion
  2420 | D:4      | Killed a scorpion
  2421 | D:4      | Reached skill level 1 in Transmutations
  2421 | D:4      | Reached XP level 5. HP: 35/35 MP: 6/8
  2567 | D:4      | Found a shimmering blue altar of Sif Muna.
  2567 | D:4      | Noticed Robin
  2568 | D:4      | Slain by a goblin

Illustrated notes

Levels and vault maps discovered:
D:1:      wander_arrival_estate, layout_loops_ring,
          hellmonk_ecumenical_altar_pennies_from_heaven
D:2:      layout_loops_cross, chequers_serial_rivers_small_3, minivault_23
D:3:      layout_basic, mainiacjoe_overflow_six_doors_small,
          amethyst_overflow_temple_binary, ebering_ghost_disaster_area,
          minmay_checkerbox
D:4:      layout_basic, lemuel_tele_altar, fedhas_altar_3, uniq_robin

Skill      XL: |  1  2  3  4  5 |
---------------+----------------+-----
Stealth        | 1 2 3 |  3.7
Transmutations | 1 |  1.2
Dodging        | 3 |  3.0
Fighting       | |  2.6
Throwing       | |  1.9
Unarmed Combat | |  2.5
Spellcasting   | |  2.5
Translocations | |  3.5

Action                     |  1- 3 |  4- 6 || total
---------------------------+-------+-------++-------
  Melee: Unarmed           |    64 |    67 ||   131
         Constrict         |    15 |    15 ||    30
         Tentacles         |    12 |    17 ||    29
         Kick              |     7 |     8 ||    15
         Punch             |       |     2 ||     2
  Throw: Dart              |       |     5 ||     5
   Cast: Beastly Appendage |     5 |     4 ||     9
         Blink             |       |     1 ||     1
    Use: Scroll            |     1 |     2 ||     3
   Stab: Sleeping          |     8 |    15 ||    23
 Armour: Skin              |     6 |     3 ||     9
  Dodge: Dodged            |    32 |    26 ||    58

Table legend: (Time is in decaauts)
 A = Elapsed time spent in this place.
 B = Non-inter-level travel time spent in this place.
 C = Inter-level travel time spent in this place.
 D = Time resting spent in this place.
 E = Time spent auto-exploring this place.
 F = Levels seen in this place.
 G = Mean time per level.
                   A        B        C        D        E       F      G
               +--------+--------+--------+--------+--------+-----+--------+
         Total |   2560 |   2491 |     69 |      0 |   2012 |   4 |  640.0 |
       Dungeon |   2560 |   2491 |     69 |      0 |   2012 |   4 |  640.0 |
               +--------+--------+--------+--------+--------+-----+--------+

Top non-repeatable levels by time:
     D:2: 834 daAuts
     D:3: 806 daAuts
     D:1: 730 daAuts
     D:4: 188 daAuts
